Map: Deathaura LE

Players

HeRoMaRinE

  • Race: Terran Terran
  • Spawn Location: 11:00

Maru - Winner!

  • Race: Terran Terran
  • Spawn Location: 5:00

Event: IEM Katowice 2021

VOD

Have the link to the VOD?

Description

Time

  • Played on: Feb. 26, 2021, 10:51 a.m.
  • Length: 10:33

All games in this series

Show
View Real Time Build Order
Export as new Build Order

HeRoMaRinE Terran 

Build Orders:  

Get SALT Encoding   

  12  0:00  SCV  
  13  0:12  SCV  
  14  0:17  Supply Depot  
  14  0:24  SCV  
  15  0:38  SCV  
  15  0:40  Barracks  
  16  0:43  Refinery  
  16  0:50  SCV  
  16  0:52  Refinery  
  17  1:03  SCV  
  18  1:17  SCV  
  19  1:27  Reaper  
  19  1:29  Orbital Command  
  19  1:32  Supply Depot  
  20  1:42  Factory  
  20  1:54  SCV  
  20  1:59  Reaper  
  22  2:06  SCV  
  23  2:18  SCV  
  23  2:21  Command Center  
  24  2:26  Hellion  
  26  2:30  SCV  
  26  2:31  Reaper  
  26  2:36  Supply Depot  
  28  2:43  SCV  
  29  2:47  Hellion  
  31  2:55  Starport  
  31  2:58  SCV  
  32  3:03  Barracks Tech Lab  
  32  3:09  Factory Tech Lab  
  32  3:10  SCV  
  33  3:17  Refinery  
  31  3:22  SCV  
  31  3:32  Orbital Command  
  31  3:34  SCV  
  31  3:39  Cyclone, Barracks Reactor  
  35  3:46  SCV  
  36  3:55  Raven  
  36  3:58  SCV  
  36  3:59  SCV  
  40  4:10  SCV  
  40  4:11  SCV, Siege Tank  
  40  4:15  Supply Depot  
  40  4:16  Marine x2  
  47  4:23  SCV x2  
  49  4:34  Marine x2  
  49  4:35  SCV x2  
  53  4:38  Raven  
  53  4:40  Supply Depot  
  55  4:47  SCV x2  
  55  4:49  Siege Tank  
  60  4:53  Marine x2  
  62  5:01  SCV x2  
  62  5:04  Command Center  
  64  5:10  Supply Depot  
  64  5:13  SCV x2  
  66  5:14  Refinery  
  66  5:23  Siege Tank  
  66  5:26  SCV  
  66  5:28  Stimpack  
  70  5:32  SCV  
  70  5:34  Viking x2  
  75  5:38  SCV, Marine  
  77  5:44  SCV  
  78  5:59  Barracks, Engineering Bay  
  78  6:01  Barracks, Engineering Bay  
  78  6:10  SCV, Siege Tank, Viking x2  
  86  6:15  SCV, Marine  
  88  6:20  Orbital Command  
  88  6:22  SCV  
  89  6:27  SCV  
  89  6:29  Terran Infantry Weapons Level 1, Terran Infantry Armor Level 1  
  90  6:33  Marine  
  90  6:36  SCV  
  90  6:38  Orbital Command  
  91  6:40  SCV, Viking x2  
  93  6:49  Supply Depot  
  93  6:50  Siege Tank  
  93  6:51  Marine  
  93  6:52  SCV x2  
  93  6:54  Barracks Reactor x2  
  99  7:04  SCV x2  
  101  7:08  Refinery  
  101  7:10  SCV  
  101  7:11  Refinery  
  101  7:13  Supply Depot  
  104  7:16  SCV x2  
  105  7:22  SCV  
  105  7:24  Combat Shield  
  105  7:28  SCV x2  
  105  7:29  Barracks  
  107  7:30  Barracks  
  107  7:34  Siege Tank  
  107  7:35  SCV  
  107  7:36  Supply Depot, Armory  
  111  7:40  SCV x2  
  111  7:41  Marine x4  
  111  7:42  Marine  
  117  7:52  Sensor Tower  
  117  7:54  Medivac x2, SCV x3, Supply Depot  
  124  7:59  Marine  
  124  8:03  Supply Depot, Marine  
  124  8:04  Marine x3  
  129  8:06  SCV x3  
  132  8:17  Barracks Reactor x2  
  132  8:19  SCV  
  135  8:22  Marine x4  
  135  8:24  SCV x2  
  139  8:27  Command Center  
  139  8:28  Marine  
  139  8:31  Medivac x2, SCV  
  139  8:34  Siege Tank  
  146  8:39  Marine  
  146  8:40  Marine x2  
  149  8:43  Supply Depot  
  149  8:46  Supply Depot  
  149  8:48  Marine  
  150  8:57  Marine  
  150  9:00  Factory  
  150  9:01  Marine x5  
  154  9:04  Marine  
  154  9:05  Barracks Reactor  
  154  9:06  Marine  
  155  9:10  Siege Tank  
  155  9:15  Marine  
  148  9:18  Medivac, Marine  
  148  9:19  Medivac, Marine x4  
  148  9:21  Marine  
  148  9:23  Marine  
  158  9:25  SCV x2  
  158  9:26  SCV  
  149  9:33  Marine  
  149  9:36  Marine x2  
  149  9:37  Marine x3  
  152  9:44  Marine x3  
  153  9:46  Siege Tank x2  
  153  9:47  Marine  
  153  9:48  Viking  
  153  9:49  Viking  
  153  9:51  Marine  
  165  9:54  Marine x3  
  165  9:55  Marine  
  165  9:59  Marine  
  170  10:02  Marine  
  171  10:09  Marine x2  
  171  10:10  Command Center  
Show
View Real Time Build Order
Export as new Build Order

Maru Terran - Winner!

Build Orders: Cyclone Opening 

Get SALT Encoding   

  12  0:00  SCV  
  13  0:12  SCV  
  14  0:17  Supply Depot  
  14  0:24  SCV  
  15  0:38  SCV  
  15  0:40  Barracks  
  16  0:43  Refinery  
  16  0:50  SCV  
  16  0:53  Refinery  
  17  1:02  SCV  
  18  1:14  SCV  
  19  1:27  Reaper, Orbital Command  
  20  1:33  Supply Depot  
  20  1:42  Factory  
  20  1:53  SCV  
  21  1:59  Reaper  
  22  2:05  SCV  
  23  2:17  SCV  
  24  2:25  Command Center  
  24  2:30  SCV, Factory Tech Lab  
  24  2:32  Barracks Reactor  
  25  2:40  Supply Depot  
  25  2:43  SCV  
  26  2:49  Cyclone  
  29  2:55  SCV  
  30  2:59  Starport  
  30  3:08  Marine  
  30  3:09  Marine  
  30  3:10  SCV  
  33  3:22  SCV  
  33  3:26  Marine x2  
  37  3:29  Siege Tank  
  37  3:34  SCV  
  37  3:36  Orbital Command  
  37  3:39  Starport Tech Lab  
  38  3:43  Refinery  
  38  3:46  SCV, Marine  
  38  3:47  Marine  
  41  3:58  SCV  
  41  4:00  Raven  
  44  4:03  SCV  
  45  4:10  SCV  
  45  4:16  Command Center  
  46  4:18  SCV  
  46  4:21  Supply Depot  
  46  4:22  SCV  
  48  4:26  Siege Tank  
  48  4:30  SCV  
  52  4:35  Refinery  
  52  4:38  Marine x2  
  54  4:41  Supply Depot  
  54  4:43  Raven  
  54  4:45  SCV x2  
  58  4:55  Marine  
  58  4:56  Marine  
  58  4:58  SCV  
  61  5:03  Siege Tank  
  61  5:04  SCV  
  65  5:08  Supply Depot  
  65  5:12  SCV  
  65  5:13  Marine x2  
  68  5:17  SCV  
  69  5:24  SCV  
  70  5:29  SCV, Orbital Command  
  70  5:30  Barracks x2  
  70  5:35  Siege Tank  
  74  5:38  SCV  
  74  5:41  SCV  
  76  5:44  Engineering Bay  
  76  5:45  Engineering Bay  
  76  5:48  Viking  
  78  5:50  Viking  
  78  5:53  Orbital Command  
  78  5:54  Stimpack  
  78  5:55  SCV  
  81  6:03  SCV  
  82  6:06  Supply Depot  
  82  6:07  SCV  
  82  6:10  Siege Tank  
  86  6:15  SCV  
  87  6:19  SCV x2  
  87  6:23  Supply Depot  
  87  6:24  Viking x2  
  92  6:27  SCV  
  92  6:32  Barracks Reactor x2  
  93  6:33  SCV  
  93  6:34  SCV  
  93  6:39  SCV  
  96  6:42  Refinery  
  96  6:43  Siege Tank, Refinery  
  96  6:45  SCV  
  100  6:48  SCV  
  100  6:51  SCV  
  102  6:55  Terran Infantry Weapons Level 1, Terran Infantry Armor Level 1  
  102  6:57  SCV  
  102  7:00  SCV, Viking x2  
  108  7:03  Supply Depot  
  108  7:05  Supply Depot  
  108  7:06  SCV  
  109  7:12  Supply Depot  
  109  7:17  SCV  
  109  7:25  SCV x2  
  109  7:27  Siege Tank  
  109  7:29  SCV, Command Center  
  115  7:33  Combat Shield  
  115  7:36  Marine x3  
  118  7:37  SCV x2  
  118  7:39  Marine  
  118  7:41  SCV  
  118  7:42  Medivac x2  
  126  7:46  Sensor Tower  
  126  7:49  SCV x2  
  126  7:51  Barracks  
  128  7:53  SCV  
  128  7:54  Barracks  
  128  7:55  Supply Depot, Armory  
  128  7:57  Marine x2  
  130  8:00  Marine x3  
  130  8:03  Supply Depot  
  133  8:08  Supply Depot  
  133  8:16  Marine, Viking x2, Siege Tank  
  141  8:24  Marine x4  
  141  8:27  Supply Depot  
  145  8:31  SCV x3, Factory  
  148  8:37  Supply Depot  
  148  8:40  Barracks Reactor  
  148  8:41  Marine, Barracks Reactor  
  148  8:42  Marine x4  
  148  8:43  SCV  
  148  8:45  SCV x2  
  156  8:50  Supply Depot, Viking  
  156  8:51  Supply Depot  
  156  8:55  SCV  
  159  8:57  SCV  
  159  8:58  Missile Turret  
  159  8:59  Marine  
  159  9:00  Marine  
  159  9:02  Siege Tank  
  162  9:07  Marine  
  163  9:14  Sensor Tower  
  163  9:17  Planetary Fortress  
  153  9:19  Marine  
  153  9:21  Viking  
  153  9:24  Marine x4  
  156  9:30  Marine x3  
  158  9:34  Siege Tank  
  158  9:36  Viking  
  158  9:37  Marine  
  152  9:41  Marine  
  152  9:42  Marine x3  
  152  9:45  Barracks Reactor  
  156  9:51  Siege Tank  
  158  9:52  Marine  
  158  9:53  Marine x2  
  158  9:55  Marine  
  162  10:01  Marine x2  
  162  10:02  Marine x2  
  162  10:03  Starport  
  162  10:04  SCV x4  
  162  10:05  Refinery, Starport  
  162  10:06  Refinery  
  170  10:10  Marine x2  
  175  10:16  SCV x3  

Tags
 
Add a new tag
Caveats
  • Supply blocks, unpowered buildings, or Contaminate may cause inaccurate times.
  • Supply counts are checked every 10 seconds.